 Dungeon Crawl Stone Soup version 0.30.0-15-g856e2d3f33 (webtiles) character file.

Game seed: 10364412416658998325

48769 SnakkuSnakku7 the Severer (level 14, -10/135 HPs)
             Began as a Hill Orc Chaos Knight on May 19, 2023.
             Was a Plaything of Xom.
             Mangled by a stone giant (29 damage)
             ... in a volcano.
             The game lasted 00:27:31 (13676 turns).

SnakkuSnakku7 the Severer (Hill Orc Chaos Knight)  Turns: 13676, Time: 00:27:32

Health: -10/135    AC: 19    Str: 23    XL:     14   Next: 47%
Magic:  14/14      EV: 14    Int:  8    God:    Xom [..*...]
Gold:   1592       SH:  0    Dex: 13    Spells: 13/13 levels left

rFire   . . .        a - +3 battleaxe (vamp)
rCold   + . .        (shield currently unavailable)
rNeg    . . .        b - +2 leather armour
rPois   .            R - +2 hat
rElec   .            k - +2 cloak
rCorr   .            (no gloves)
SInv    .            v - +0 pair of boots
Will    ++...        t - amulet of regeneration
Stlth   +            e - +4 ring of protection
HPRegen 1.22/turn    K - +4 ring of protection
MPRegen 0.14/turn

%: no passive effects
@: no status effects
A: antennae 2, hooves 1, agile 1, cold resistance 1, deformed body, dopey 1,
strong-willed 1, strong 1, evolution 1
a: Renounce Religion


You were in a volcano.
You worshipped Xom.
You were a toy of Xom.
You visited 2 branches of the dungeon, and saw 16 of its levels.
You also visited: Ossuary and Volcano.

You collected 1819 gold pieces.
You spent 227 gold pieces at shops.

Inventory:

Hand Weapons
 a - a +3 vampiric battleaxe (weapon)
 w - a +0 broad axe
 x - the +10 dark maul {heavy}
   (You found it on level 11 of the Dungeon)
Missiles
 D - a throwing net
Armour
 b - a +2 leather armour (worn)
 k - a +2 cloak (worn)
 v - a +0 pair of boots (worn)
 M - a +0 helmet
 R - a +2 hat (worn)
Jewellery
 e - a +4 ring of protection (left hand)
 i - the ring of Midsummer {Will+++ rCorr Dex-2 SInv}
   (You took it off a deep elf pyromancer on level 10 of the Dungeon)

   [ring of see invisible]

   Dex:       It affects your dexterity (-2).
   SInv:      It lets you see invisible.
   rCorr:     It protects you from acid and corrosion.
   Will:      It greatly increases your willpower.
 m - a +4 ring of slaying
 t - an amulet of regeneration (around neck)
 G - a ring of fire
 K - a +4 ring of protection (right hand)
 L - a +5 ring of evasion
 P - an amulet of faith
Wands
 c - a wand of acid (1)
 d - a wand of iceblast (10)
 J - a wand of flame (24)
 O - a wand of polymorph (4)
 W - a wand of digging (8)
Scrolls
 h - 3 scrolls of blinking
 n - a scroll of identify
 o - 5 scrolls of fear
 p - 6 scrolls of teleportation
 q - 3 scrolls of magic mapping
 y - 3 scrolls of vulnerability
 A - a scroll of immolation
 H - 2 scrolls of summoning
 I - 7 scrolls of fog
 N - a scroll of amnesia
 T - a scroll of poison
Potions
 f - 2 potions of haste
 g - 2 potions of mutation
 j - a potion of resistance
 l - a potion of ambrosia
 r - 6 potions of curing
 u - 2 potions of magic
 z - 5 potions of flight
 B - 3 potions of might
 E - 2 potions of brilliance
 F - a potion of attraction
 Q - a potion of invisibility
 S - a potion of cancellation
Miscellaneous
 s - a lightning rod (4/4)
 U - a condenser vane


   Skills:
 - Level 15.0 Fighting
 - Level 20.0 Axes
 - Level 10.0 Armour
 + Level 6.7 Dodging
 - Level 10.0 Evocations


You had 13 spell levels left.
You didn't know any spells.
Your spell library contained the following spells:

 Spells                   Type           Power      Damage    Failure   Level
 Apportation              Tloc           0%         N/A       43%         1
 Necrotise                Necr           0%         1d4       43%         1
 Sandblast                Erth           0%         2d4       43%         1
 Summon Small Mammal      Summ           0%         N/A       43%         1
 Blink                    Tloc           0%         N/A       58%         2
 Lesser Beckoning         Tloc           0%         N/A       58%         2
 Momentum Strike          Conj/Tloc      0%         3d8       58%         2
 Passwall                 Tmut/Erth      0%         N/A       58%         2
 Call Canine Familiar     Summ           0%         N/A       82%         3
 Ignite Poison            Fire/Tmut/Pois 0%         N/A       82%         3
 Stone Arrow              Conj/Erth      0%         3d7       82%         3
 Vhi's Electric Charge    Tloc/Air       0%         N/A       82%         3
 Animate Armour           Summ/Erth      0%         N/A       99%         4
 Sticky Flame             Conj/Fire      0%         2d3       99%         4
 Summon Lightning Spire   Summ/Air       0%         N/A       99%         4
 Arcjolt                  Conj/Air       0%         1d10      100%        5
 Blade Hands              Tmut           0%         N/A       100%        5
 Summon Forest            Summ/Tloc      0%         N/A       100%        5
 Eringya's Noxious Bog    Tmut/Pois      0%         N/A       100%        6
 Iron Shot                Conj/Erth      0%         9d1       100%        6
 Haunt                    Necr/Summ      0%         N/A       100%        7
 Storm Form               Tmut/Air       0%         N/A       100%        7
 Summon Hydra             Summ           0%         N/A       100%        7
 Ignition                 Fire           0%         3d3       100%        8
 Maxwell's Capacitive Co  Air            0%         ∞         100%        8


Dungeon Overview and Level Annotations

Branches:
Dungeon (11/15)            Temple (0/1) D:7            Lair (5/5) D:11
 Shoals (0/4) Lair:2       Spider (0/4) Lair:3        Slime (0/5) Lair:5
    Orc (0/2) D:10        Ossuary (visited)         Volcano (1/1)

Altars:
Ashenzari
Elyvilon
Kikubaaqudgha
Nemelex Xobeh
Sif Muna
Wu Jian
Xom

Shops:
D:1 [   D:5 ?

Annotations:
Lair:3 exclusion: oklob plant


Innate Abilities, Weirdness & Mutations

You have a pair of antennae on your head.
You have large cloven feet.
You are agile. (Dex +4, Str/Int -1)
Your flesh is cold resistant. (rC+)
Armour fits poorly on your strangely shaped body.
You are dopey. (Int -2)
You are strong-willed. (Will+)
Your muscles are strong. (Str +4, Int/Dex -1)
You have hidden genetic potential.


Message History

You are too confused!
You are too confused!
You hit the stone giant.
You feel better.
The stone giant is lightly wounded.
The stone giant hits you!!
You slash the stone giant!
The stone giant is lightly wounded.
Unknown command.
You bump into the rock wall.
The stone giant hits you.
You bump into the rock wall.
The stone giant hits you but does no damage.
The stone giant misses you.
You see here 16 gold pieces.
Unknown command.
You feel better. The stone giant hits you!!
You slash the stone giant!
The stone giant is moderately wounded.
The stone giant hits you!!
You hit the stone giant.
The stone giant is moderately wounded.
The stone giant hits you!!
You slice the stone giant!!
The stone giant is heavily wounded.
You hit the stone giant.
The stone giant is severely wounded.
The stone giant hits you!!
* * * LOW HITPOINT WARNING * * *
You slash the stone giant!
You feel better.
The stone giant is severely wounded.
The stone giant hits you!!
* * * LOW HITPOINT WARNING * * *
You feel much better. The stone giant hits you!
* * * LOW HITPOINT WARNING * * *
You feel much better. The stone giant hits you!!
* * * LOW HITPOINT WARNING * * *
As you read the scroll of fear, it crumbles to dust.
You assume a fearsome visage.
The stone giant easily resists.
The stone giant hits you!!
You die...
Xom giggles madly!

#####
##$$$##
####..8..#
#.##...E.#
#/[8.....#
#$C#{.⌠{.#
#@)##...##
##'####+##
#..).#...#
#.._).+.∩.+
##....#...#
##+####+##


E You could see a stone giant.

Vanquished Creatures
  Gastronok (D:8)
  A catoblepas (D:10)
  3 hydras
  An ogre mage (D:11)
  2 boulder beetles (D:11)
  5 death yaks (Lair:5)
  10 two-headed ogres
  Nergalle (D:11)
  A fire crab (shapeshifter) (D:10)
  2 orc knights
  A lindwurm (Lair:1)
  2 harpies (Lair:2)
  An orc sorcerer (D:10)
  A deep elf pyromancer (D:10)
  An ugly thing (D:11)
  3 black mambas
  Joseph (D:9)
  A molten gargoyle (Volcano)
  4 gargoyles
  12 cane toads
  A torpor snail (Lair:3)
  A kobold demonologist (D:10)
  An efreet (Volcano)
  2 rime drakes (Lair:3)
  4 komodo dragons
  2 trolls
  A polar bear (Lair:5)
  A hornet (D:11)
  A tarantella (Lair:3)
  3 blink frogs (Lair:4)
  7 dream sheep
  A raiju (shapeshifter) (D:4)
  4 slime creatures (D:11)
  3 jumping spiders (Lair:3)
  A culicivora (Lair:3)
  3 shadows
  A wraith (D:10)
  A vampire (D:10)
  5 fire bats (Volcano)
  A fire elemental (Volcano)
  32 yaks
  2 wyverns
  2 basilisks
  4 vampire mosquitoes (D:8)
  2 steam dragons
  3 redbacks (Lair:3)
  Menkaure (D:7)
  5 acid dragons
  10 water moccasins
  5 orc warriors
  4 sky beasts (D:7)
  7 black bears
  4 ogres
  17 wolves
  5 centaurs
  A phantom (D:3)
  4 elf zombies (Ossuary)
  3 kobold brigands
  14 bullfrogs
  2 gnoll sergeants
  3 scorpions
  5 wights
  8 killer bees
  4 howler monkeys
  3 gnoll boudas
  A human zombie (Ossuary)
  6 jellies
  7 hounds
  4 orc priests
  2 sleepcaps
  Ijyb (D:3)
  Natasha (D:2)
  5 iguanas
  4 orc wizards
  4 hound zombies (Ossuary)
  3 mummies (Ossuary)
  9 adders
  16 gnolls
  A shadow imp (D:5)
  4 white imps
  An ufetubus (D:6)
  An adder zombie (Ossuary)
  A worm (D:5)
  4 dart slugs
  24 orcs
  5 endoplasms
  5 giant cockroaches
  2 goblins
  7 hobgoblins
  23 kobolds
  3 quokkas
  8 ball pythons
  4 bats
  4 frilled lizards
  6 goblin zombies (Ossuary)
  2 hobgoblin zombies (Ossuary)
  3 jackal zombies (Ossuary)
  2 kobold zombies (Ossuary)
  2 orc zombies (Ossuary)
  6 quokka zombies (Ossuary)
  5 rats
  5 rat zombies (Ossuary)
439 creatures vanquished.

Vanquished Creatures (collateral kills)
  A komodo dragon (Lair:1)
  A gnoll (D:4)
2 creatures vanquished.

Vanquished Creatures (others)
  An ogre mage (D:10)
  A hydra (D:10)
  A wolf (Lair:4)
  A kobold zombie (D:8)
4 creatures vanquished.

Grand Total: 445 creatures vanquished

Notes
Turn   | Place    | Note
-------+----------+-------------------------------------------
     0 | D:1      | SnakkuSnakku7 the Hill Orc Chaos Knight began the quest for
                  | the Orb.
     0 | D:1      | Reached XP level 1. HP: 19/19 MP: 1/1
    15 | D:1      | XOM: divination: magic mapping
   108 | D:1      | XOM: divination: detect items
   150 | D:1      | Reached XP level 2. HP: 27/27 MP: 2/2
   153 | D:1      | XOM: divination: magic mapping
   219 | D:1      | Found a faded altar of an unknown god.
   241 | D:1      | Found Kyci's Antique Armour Emporium.
   422 | D:1      | XOM: silly message
   429 | D:1      | Reached skill level 5 in Axes
   429 | D:1      | Reached XP level 3. HP: 15/34 MP: 3/3
   925 | D:2      | XOM: 4-stop teleportation journey
   962 | D:2      | Reached XP level 4. HP: 41/41 MP: 4/4
  1064 | D:2      | XOM: 2-stop teleportation journey
  1128 | D:2      | Noticed Natasha
  1134 | D:2      | Killed Natasha
  1135 | D:2      | Reached skill level 5 in Fighting
  1267 | D:2      | XOM: silly message
  1457 | D:3      | XOM: noise
  1537 | D:3      | Found an ornate altar of the Wu Jian Council.
  1557 | D:3      | Reached XP level 5. HP: 48/48 MP: 5/5
  1558 | D:3      | Found a broken altar of Ashenzari.
  1560 | D:3      | Found a white marble altar of Elyvilon.
  1643 | D:3      | Noticed a phantom
  1644 | D:3      | XOM: enchant monster (bad)
  1650 | D:3      | Reached skill level 6 in Axes
  1691 | D:3      | Killed a phantom
  1855 | D:3      | Noticed Ijyb
  2112 | D:3      | Killed Ijyb
  2113 | D:3      | Reached XP level 6. HP: 34/57 MP: 6/6
  2203 | D:4      | Reached skill level 7 in Axes
  2209 | D:4      | Reached skill level 1 in Evocations
  2299 | D:4      | XOM: silly message
  2398 | D:4      | XOM: 1-stop teleportation journey
  2420 | D:4      | Reached XP level 7. HP: 54/63 MP: 7/7
  2430 | D:4      | XOM: cloud trail
  2579 | D:4      | a scorpion changed into a shapeshifter
  2579 | D:4      | Noticed a shapeshifter (shapeshifter)
  2579 | D:4      | a shapeshifter changed into an entropy weaver
  2579 | D:4      | Noticed an entropy weaver (shapeshifter)
  2584 | D:4      | an entropy weaver changed into a hornet
  2584 | D:4      | Noticed a hornet (shapeshifter)
  2585 | D:4      | XOM: confuse monster(s)
  2587 | D:4      | Paralysed by a hornet for 3 turns
  2588 | D:4      | XOM: summons friendly crimson imp
  2591 | D:4      | Paralysed by a hornet for 2 turns
  2592 | D:4      | a hornet changed into something unseen
  2593 | D:4      | HP: 3/63 [something (8)]
  2594 | D:4      | Noticed a raiju
  2597 | D:4      | Killed a raiju
  2598 | D:4      | Reached skill level 8 in Axes
  2598 | D:4      | HP: 3/63 [poisoned by a hornet]
  2679 | D:4      | Found a sparkling altar of Nemelex Xobeh.
  2967 | D:4      | XOM: scenery: summon butterflies
  3004 | D:5      | Entered Level 5 of the Dungeon
  3004 | D:5      | XOM: destruction
  3018 | D:5      | XOM: fog
  3052 | D:5      | Found Liuziw's Magic Scroll Emporium.
  3071 | D:5      | XOM: confuse monster(s)
  3092 | D:4      | XOM: god gift: short sword {god gift}
  3179 | D:5      | XOM: smoke on damage
  3195 | D:4      | XOM: summons friendly ufetubus
  3199 | D:4      | Reached skill level 9 in Axes
  3264 | D:5      | Reached XP level 8. HP: 45/70 MP: 8/8
  3293 | D:5      | XOM: noise
  3302 | D:5      | Reached skill level 5 in Evocations
  3312 | D:5      | Reached skill level 10 in Axes
  3474 | D:5      | Found a sand-covered staircase.
  3483 | Ossuary  | Entered an ossuary
  3523 | Ossuary  | XOM: smoke on damage
  3670 | Ossuary  | Reached skill level 11 in Axes
  3743 | Ossuary  | Reached skill level 12 in Axes
  3760 | Ossuary  | XOM: scenery: 1 doors close
  3812 | Ossuary  | Reached XP level 9. HP: 75/75 MP: 9/9
  4046 | D:5      | Reached skill level 13 in Axes
  4178 | D:5      | Bought a scroll of blinking for 97 gold pieces
  4179 | D:5      | Bought a scroll of identify for 26 gold pieces
  4179 | D:5      | Bought a scroll of identify for 26 gold pieces
  4179 | D:5      | Bought a scroll of identify for 26 gold pieces
  4179 | D:5      | Bought a scroll of identify for 26 gold pieces
  4179 | D:5      | Bought a scroll of identify for 26 gold pieces
  4463 | D:6      | XOM: noise
  4487 | D:6      | XOM: divination: magic mapping
  4554 | D:6      | XOM: 1-stop teleportation journey
  4556 | D:6      | XOM: enchant monster (bad)
  4558 | D:6      | XOM: cleaving
  4568 | D:6      | XOM: noise
  5095 | D:6      | Reached skill level 14 in Axes
  5274 | D:7      | Noticed Menkaure
  5283 | D:7      | Killed Menkaure
  5544 | D:7      | XOM: summons 2 hostile shadow creatures
  5545 | D:7      | Noticed a cyclops
  5598 | D:7      | XOM: give mutations
  5598 | D:7      | Gained mutation: You are agile. (Dex +4, Str/Int -1) [Xom's
                  | mischief]
  5598 | D:7      | Gained mutation: Armour fits poorly on your strangely
                  | shaped body. [Xom's mischief]
  5598 | D:7      | Lost mutation: You are agile. (Dex +4, Str/Int -1) [Xom's
                  | mischief]
  5600 | D:7      | XOM: noise
  5716 | D:7      | Reached XP level 10. HP: 87/91 MP: 10/10
  5849 | D:7      | Reached skill level 10 in Fighting
  5904 | D:7      | Found a staircase to the Ecumenical Temple.
  6103 | D:8      | XOM: confusion
  6287 | D:8      | XOM: 4-stop teleportation journey
  6377 | D:8      | Noticed Gastronok
  6413 | D:8      | XOM: chaos cloud
  6418 | D:8      | Killed Gastronok
  6419 | D:8      | Reached skill level 5 in Armour
  6464 | D:8      | XOM: polymorph yak -> troll
  6476 | D:8      | XOM: potion effect (invisibility)
  6480 | D:8      | XOM: cleaving
  6482 | D:8      | XOM: summons friendly quasit
  6484 | D:8      | XOM: summons friendly quasit
  6500 | D:8      | Reached skill level 15 in Axes
  6598 | D:8      | XOM: god gift: potion of curing
  6658 | D:8      | XOM: give mutations
  6658 | D:8      | Gained mutation: Your flesh is cold resistant. (rC+) [Xom's
                  | mischief]
  6658 | D:8      | Gained mutation: You are dopey. (Int -2) [Xom's mischief]
  6658 | D:8      | Gained mutation: You have large cloven feet. [Xom's
                  | mischief]
  6730 | D:8      | XOM: noise
  6825 | D:8      | XOM: cloud trail
  6971 | D:8      | Reached XP level 11. HP: 99/99 MP: 11/11
  6974 | D:9      | XOM: enchant monster (bad)
  7113 | D:9      | Noticed Joseph
  7266 | D:9      | XOM: 2-stop teleportation journey
  7280 | D:9      | Killed Joseph
  7281 | D:9      | Reached skill level 16 in Axes
  7393 | D:9      | XOM: blink monster(s)
  7666 | D:10     | Entered Level 10 of the Dungeon
  7705 | D:10     | Found a shimmering blue altar of Sif Muna.
  7724 | D:10     | Noticed an orc knight
  7739 | D:10     | Killed an orc knight
  7811 | D:10     | Noticed an orc knight
  7816 | D:10     | XOM: enchant monster (bad)
  7863 | D:9      | Killed an orc knight
  7925 | D:10     | XOM: fog
  8034 | D:10     | XOM: give mutations
  8034 | D:10     | Gained mutation: You are agile. (Dex +4, Str/Int -1) [Xom's
                  | grace]
  8034 | D:10     | Gained mutation: You are strong-willed. (Will+) [Xom's
                  | grace]
  8034 | D:10     | Gained mutation: You have a pair of small antennae on your
                  | head. [Xom's grace]
  8034 | D:10     | Gained mutation: Your muscles are strong. (Str +4, Int/Dex
                  | -1) [Xom's grace]
  8050 | D:10     | XOM: cloud trail
  8192 | D:10     | Noticed an ogre mage
  8195 | D:10     | XOM: scenery: create altars
  8195 | D:10     | Noticed a two-headed ogre
  8196 | D:10     | Noticed a seven-headed hydra
  8197 | D:10     | Noticed a two-headed ogre
  8200 | D:10     | XOM: potion effect (attraction)
  8205 | D:10     | Reached skill level 17 in Axes
  8206 | D:10     | Killed an ogre mage
  8206 | D:10     | Killed a seven-headed hydra
  8206 | D:10     | XOM: divine lightning
  8240 | D:10     | Killed a two-headed ogre
  8247 | D:10     | XOM: scenery: summon butterflies
  8289 | D:10     | XOM: butterfly on damage
  8308 | D:10     | XOM: fog
  8318 | D:10     | Killed a two-headed ogre
  8319 | D:10     | Reached skill level 18 in Axes
  8343 | D:10     | Found a staircase to the Orcish Mines.
  8556 | D:10     | Noticed a seven-headed hydra
  8557 | D:10     | Identified the +0 robe of Leapfrog {rF++ Regen+ Int-5
                  | Stlth+}
  8559 | D:10     | XOM: divination: detect creatures
  8561 | D:10     | XOM: confuse monster(s)
  8585 | D:10     | XOM: noise
  8700 | D:10     | XOM: noise
  8769 | D:10     | Noticed a fire crab
  8781 | D:10     | Killed a fire crab
  8782 | D:10     | Reached XP level 12. HP: 38/106 MP: 12/12
  8840 | D:10     | XOM: summons 2 hostile demons
  8841 | D:10     | Reached skill level 19 in Axes
  8867 | D:10     | Noticed a catoblepas
  8877 | D:10     | Noticed a two-headed ogre
  8883 | D:10     | Killed a catoblepas
  8888 | D:10     | Killed a two-headed ogre
  8891 | D:10     | Noticed a two-headed ogre
  8922 | D:10     | XOM: summons 7 hostile demons
  8929 | D:10     | Killed a two-headed ogre
  8944 | D:10     | Identified the +2 short sword of Valuable Assets {heavy,
                  | rElec}
  8944 | D:10     | Identified the ring of Midsummer {Will+++ rCorr Dex-2 SInv}
  8952 | D:10     | Reached skill level 20 in Axes
  8978 | D:10     | Got the Spellbook of the Congregated Bonfire
  9147 | D:11     | Noticed Nergalle
  9165 | D:11     | Killed Nergalle
  9172 | D:11     | XOM: confuse monster(s)
  9176 | D:11     | XOM: silly message
  9183 | D:11     | XOM: potion effect (heal wounds)
  9205 | D:11     | XOM: fog
  9234 | D:11     | Found a staircase to the Lair.
  9352 | D:11     | XOM: 1-stop teleportation journey
  9354 | D:11     | Paralysed by a hornet for 2 turns
  9400 | D:11     | Noticed a boulder beetle
  9403 | D:11     | XOM: enchant monster (bad)
  9409 | D:11     | XOM: 1-stop teleportation journey
  9436 | D:11     | Noticed a two-headed ogre
  9438 | D:11     | XOM: summons friendly ufetubus
  9439 | D:11     | Killed a two-headed ogre
  9439 | D:11     | Noticed an ogre mage
  9440 | D:11     | Noticed a two-headed ogre
  9453 | D:11     | XOM: enchant monster (good)
  9455 | D:11     | XOM: summons 5 friendly demons
  9467 | D:11     | Killed an ogre mage
  9473 | D:11     | Killed a two-headed ogre
  9501 | D:11     | Noticed a two-headed ogre
  9502 | D:11     | Noticed a two-headed ogre
  9503 | D:11     | Noticed a two-headed ogre
  9503 | D:11     | Found the +10 dark maul {heavy}
  9504 | D:11     | XOM: cleaving
  9521 | D:11     | Killed a two-headed ogre
  9522 | D:11     | Reached XP level 13. HP: 123/123 MP: 13/13
  9704 | D:11     | XOM: polymorph catoblepas -> seven-headed hydra
  9712 | D:11     | Reached skill level 15 in Fighting
  9777 | D:11     | XOM: cloud trail
  9862 | D:11     | XOM: divination: detect items
  9983 | Lair:1   | Entered Level 1 of the Lair of Beasts
 10007 | Lair:1   | XOM: summons 13 friendly demons
 10037 | Lair:1   | XOM: draining
 10176 | Lair:1   | XOM: noise
 10240 | Lair:1   | Identified a scroll of acquirement
 10244 | Lair:1   | Acquired 806 gold pieces
 10648 | Lair:1   | XOM: silly message
 11103 | Lair:2   | XOM: scenery: 2 doors open
 11277 | Lair:2   | XOM: scenery: 2 doors close
 11320 | Lair:2   | XOM: scenery: 2 doors open
 11377 | Lair:2   | Found a staircase to the Shoals.
 11658 | Lair:3   | XOM: noise
 11691 | Lair:3   | Found a hole to the Spider Nest.
 11740 | Lair:3   | XOM: cast spell 'Chain of Chaos'
 11840 | Lair:3   | XOM: confuse monster(s)
 11853 | Lair:3   | XOM: polymorph komodo dragon -> tarantella
 11864 | Lair:3   | Reached skill level 10 in Evocations
 11865 | Lair:3   | XOM: potion effect (invisibility)
 11887 | Lair:3   | Reached skill level 10 in Armour
 11943 | Lair:3   | Found an ancient bone altar of Kikubaaqudgha.
 12438 | Lair:4   | Identified the +6 glaive of the Throat {flame, Int+4}
 12440 | Lair:4   | XOM: summons 6 friendly demons
 12443 | Lair:4   | Reached skill level 1 in Dodging
 12443 | Lair:4   | Reached XP level 14. HP: 130/135 MP: 14/14
 12482 | Lair:4   | XOM: god gift: 41 gold pieces
 12586 | Lair:4   | XOM: scenery: summon butterflies
 12652 | Lair:4   | XOM: destruction
 12683 | Lair:4   | XOM: fog
 12736 | Lair:4   | XOM: give mutations
 12736 | Lair:4   | Gained mutation: You have a pair of antennae on your head.
                  | [Xom's grace]
 12736 | Lair:4   | Gained mutation: You have hidden genetic potential. [Xom's
                  | grace]
 12822 | Lair:4   | XOM: summons friendly white imp
 12925 | Lair:4   | XOM: cloud trail
 12944 | Lair:4   | XOM: scenery: summon butterflies
 13322 | Lair:5   | Entered Level 5 of the Lair of Beasts
 13423 | Lair:5   | XOM: polymorph wolf -> jelly
 13438 | Lair:5   | Reached skill level 5 in Dodging
 13506 | Lair:5   | XOM: 4-stop teleportation journey
 13552 | Lair:5   | XOM: god gift: fizzy black potion {god gift}
 13576 | Lair:5   | XOM: fake destruction
 13589 | Lair:5   | Found a dark tunnel.
 13596 | Volcano  | Entered a volcano
 13644 | Volcano  | Noticed a stone giant
 13644 | Volcano  | Found a bloodstained altar of Trog.
 13644 | Volcano  | XOM: 5-stop teleportation journey
 13646 | Volcano  | XOM: divination: detect creatures
 13662 | Volcano  | XOM: confusion
 13676 | Volcano  | Mangled by a stone giant

Illustrated notes

Levels and vault maps discovered:
D:1:      lightli_arrival_isolated_outpost, layout_loops_ring, serial_shops,
          shop, hellmonk_ecumenical_altar_lost_god, serial_park_tiny_2,
          chequers_serial_rivers_micro_d, kennysheep_minor_cross,
          chequers_serial_rivers_micro_a, hangedman_feature_mirror
D:2:      layout_rooms, hangedman_abyss_or_decor_lesser_grid,
          due_unseen_surprise, uniq_natasha
D:3:      layout_basic, nicolae_overflow_hidden_temple, uniq_ijyb
D:4:      layout_loops_ring, nemelex_dance_club_becter,
          kennysheep_big_empty_room
D:5:      minmay_bubble_buster, layout_cave_pools, serial_shops,
          nicolae_square_shop, nicolae_ossuary_entry_ruins, minmay_between
D:6:      layout_basic
D:7:      nicolae_BIG_FREAKIN_CUBE, layout_basic,
          minmay_temple_entry_butterflies, serial_curves, eino_curves_01,
          eino_curves_04, eino_curves_04, eino_curves_04, uniq_menkaure
D:8:      layout_basic, serial_glass, glass_columns_a, glass_columns_a,
          hex_intersection, uniq_gastronok
D:9:      layout_rooms, kennysheep_generic_room_14, uniq_joseph
D:10:     minmay_the_grid_3x3 [minmay_the_grid_eight,
          minmay_the_grid_aliased_spiral, minmay_the_grid_outer_diamond,
          minmay_the_grid_broken_lines, minmay_the_grid_fan,
          minmay_the_grid_zigzag_pyramid, minmay_the_grid_tri_star,
          minmay_the_grid_rooms, minmay_the_grid_prize_trominoes], layout_basic,
          mainiacjoe_overflow_boulevard
D:11:     minmay_roctagon, layout_irregular_city,
          grunt_lair_entry_orc_guard_hut, uniq_nergalle
Lair:1:   layout_loops_ring
Lair:2:   layout_roguey, nicolae_shoals_entry_roost, grunt_megastairs_2
Lair:3:   layout_regular_city, nicolae_spider_entry_tight_spaces,
          lemuel_oklob_altar, serial_bayou_shore_b, grunt_megastairs_1,
          lemuel_fruit_tree
Lair:4:   layout_small_grid
Lair:5:   minmay_lair_end_enchanted_forest, layout_small_grid, slime_entry_1,
          enter_volcano_2
Volcano:  volcano_grotto [vgs_many_chambers]

Skill      XL: |  1  2  3  4  5  6  7  8  9 10 11 12 13 14 |
---------------+-------------------------------------------+-----
Fighting       | 4 5 6 9 10 13 15 | 15.0
Axes           | 5 6 7 9 12 14 15 18 20 | 20.0
Evocations     | 2 4 5 10 | 10.0
Armour         | 7 9 10 | 10.0
Dodging        | 1 6 |  6.7

Action                     |  1- 3 |  4- 6 |  7- 9 | 10-12 | 13-15 || total
---------------------------+-------+-------+-------+-------+-------++-------
  Melee: Hand axe          |    69 |   175 |   499 |    84 |       ||   827
         Punch             |       |     5 |    10 |     3 |       ||    18
         War axe           |       |       |       |   197 |       ||   197
         Kick              |       |       |       |   105 |    80 ||   185
         Battleaxe         |       |       |       |   257 |   410 ||   667
  Evoke: Piece from Xom's  |     1 |     3 |       |       |       ||     4
         Wand              |       |       |    17 |    22 |    11 ||    50
         Lightning rod     |       |       |       |     4 |     5 ||     9
    Use: Potion            |       |     2 |     4 |     6 |     3 ||    15
         Scroll            |       |       |    15 |     8 |    14 ||    37
   Stab: Paralysed         |       |       |     8 |       |       ||     8
         Petrifying        |       |       |     1 |     1 |       ||     2
         Confused          |       |       |     1 |     2 |     1 ||     4
         Invisible         |       |       |       |     7 |     5 ||    12
         Petrified         |       |       |       |     4 |       ||     4
         Distracted        |       |       |       |     1 |     1 ||     2
         Sleeping          |       |       |       |       |     2 ||     2
 Armour: Leather armour    |    21 |    62 |   146 |   123 |   141 ||   493
         Skin              |       |       |       |    30 |       ||    30
  Dodge: Dodged            |    49 |   117 |   213 |   430 |   315 ||  1124
